 Dungeon Crawl Stone Soup version 0.23-a0-402-g64599a1 (console) character file.

22 bli the Insei (level 2, 0/18 HPs)
             Began as an Octopode Transmuter on Nov 4, 2018.
             Slain by a bat (1 damage)
             ... on level 2 of the Dungeon.
             The game lasted 00:02:53 (824 turns).

bli the Insei (Octopode Transmuter)                  Turns: 824, Time: 00:02:53

Health: 0/18       AC:  1    Str:  9    XL:     2   Next: 91%
Magic:  5/5        EV: 13    Int: 15    God:
Gold:   56         SH:  0    Dex: 12    Spells: 4/5 levels left

rFire    . . .     SeeInvis .     - Unarmed
rCold    . . .     Gourm    .   (no shield)
rNeg     . . .     Faith    .   (helmet restricted)
rPois    .         Spirit   .   (no amulet)
rElec    .         Reflect  .   (no ring)
rCorr    .         Harm     .   (no ring)
MR       .....                  (no ring)
Stlth    ++........             (no ring)
HPRegen  0.06/turn              (no ring)
MPRegen  0.09/turn              (no ring)
                                (no ring)
                                (no ring)

@: no status effects
A: almost no armour, stealthy swim, amphibious, 8 rings, constrict 8, camouflage
1, gelatinous body 1
a: no special abilities


You were on level 2 of the Dungeon.
You were not hungry.

You visited 1 branch of the dungeon, and saw 2 of its levels.

You collected 56 gold pieces.

Inventory:

Hand Weapons
 f - a +0 hunting sling
Missiles
 a - 12 arrows
 h - 6 tomahawks (quivered)
 i - 115 stones
Scrolls
 e - 2 scrolls of identify {unknown}
Potions
 b - a potion of curing {unknown}
 g - a potion of resistance {unknown}
Comestibles
 c - 3 rations
 d - 3 chunks of flesh


   Skills:
 + Level 1.0 Fighting
 + Level 2.0 Dodging
 * Level 4.0 Unarmed Combat
 - Level 2.0 Spellcasting
 - Level 2.0 Transmutations


You had 4 spell levels left.
You knew the following spells:

 Your Spells              Type           Power        Failure   Level  Hunger
a - Beastly Appendage     Tmut           #.....       10%         1    #......

Your spell library contained the following spells:

 Spells                   Type           Power        Failure   Level  Hunger
 Sticks to Snakes         Tmut           #.......     14%         2    ###....
 Spider Form              Tmut/Pois      #.........   41%         3    ###....
 Ice Form                 Ice/Tmut       #.......     82%         4    #####..
 Blade Hands              Tmut           #.........   95%         5    ######.


Dungeon Overview and Level Annotations

Branches:
Dungeon (2/15)

Altars:


Innate Abilities, Weirdness & Mutations

You cannot wear most types of armour.
You are very stealthy in the water. (Stealth+)
You are amphibious.
You can wear up to eight rings at the same time.
You can use your tentacles to constrict eight enemies at once.
Your skin changes colour to match your surroundings (Stealth+).
Your rubbery body absorbs attacks. (AC +1, EV +1)


Message History

A bat comes into view.
A hobgoblin comes into view.
The gnoll hits you with a +0 spear.
The gnoll shouts!
Found a whip.
You tentacle-slap the gnoll. You grab the gnoll.
The gnoll is moderately wounded.
You constrict the gnoll.
You hear a shout!
The bat barely misses you. The hobgoblin closely misses you.
The gnoll hits you You release your grip on the gnoll.
The gnoll misses you. The bat misses you. The bat hits you but does no damage.
The gnoll hits you from afar with a +0 spear!
Ouch! That really hurt!
* * * LOW HITPOINT WARNING * * *
The gnoll closely misses you. The bat barely misses you.
The bat completely misses you. The bat hits you.
You die...

.......##.#......#
####...'รท.#......#
#...####.....#
#...'..'.....+
#...####)....#
##### #.....#
####'## #..# #..##
#...# . #.#@# ..
#.#b# ... #.#.#
...) #.#g###g....
#...g.......
####g.......
#...####.# .......
#########


You could see 2 gnolls, a hobgoblin and a bat.

Vanquished Creatures
  2 leopard geckos (D:1)
  3 giant cockroaches
  A hobgoblin (D:1)
  A quokka (D:2)
  4 bats
  2 frilled lizards (D:1)
  2 goblins
  A kobold (D:1)
  6 rats
22 creatures vanquished.

Notes
Turn   | Place    | Note
-------+----------+-------------------------------------------
     0 | D:1      | bli the Octopode Transmuter began the quest for the Orb.
     0 | D:1      | Reached XP level 1. HP: 13/13 MP: 3/3
   337 | D:1      | Reached XP level 2. HP: 18/18 MP: 5/5
   759 | D:2      | Reached skill level 4 in Unarmed Combat
   824 | D:2      | Slain by a bat

Vault maps used:
D:1:      minmay_arrival_cross, serial_glass, glass_columns_b, glass_columns_c,
          minmay_misc_feat_tower
D:2:      roderic_lattice_a, nrook_loot_triangle, tgw_kikubaaqudgha

Skill      XL: |  1  2 |
---------------+-------+-----
Unarmed Combat | 4 |  4.0
Fighting       | |  1.0
Dodging        | |  2.0
Spellcasting   | |  2.0
Transmutations | |  2.0

Action                   || total
-------------------------++-------
Melee: Unarmed           ||    40
       Constrict         ||    13
       Tentacles         ||     5
       Kick              ||     3
 Cast: Beastly Appendage ||     5
 Stab: Sleeping          ||     3
Armor: Skin              ||     5
Dodge: Dodged            ||    37

Table legend:
 A = Non-vault XP
 B = Vault XP
 C = Vault XP percentage of total XP
 D = Non-vault monster count
 E = Vault monster count
 F = Vault count percentage of total count
                 A         B        C        D         E       F
            +---------+---------+-------+---------+---------+-------
      Total |      32 |       0 |   0.0 |      22 |       0 |   0.0
            +---------+---------+-------+---------+---------+-------
        D:1 |      24 |       0 |   0.0 |      17 |       0 |   0.0
        D:2 |       8 |       0 |   0.0 |       5 |       0 |   0.0
            +---------+---------+-------+---------+---------+-------
